 Dungeon Crawl Stone Soup version 0.31-a0-152-g6aa68a64a1 (webtiles) character file.

Game seed: 10016196345097251301

88 qw the Shooter (level 4, -2/28 HPs)
             Began as a Gargoyle Hunter on June 10, 2023.
             Slain by a gnoll
             ... wielding a +0 flail
              (8 damage)
             ... on level 2 of the Dungeon.
             The game lasted 00:00:24 (886 turns).

qw the Shooter (Gargoyle Hunter)                     Turns: 886, Time: 00:00:25

Health: -2/28      AC:  7    Str: 14    XL:     4   Next: 53%
Magic:  4/4        EV: 11    Int: 10    God:
Gold:   128        SH:  0    Dex: 15    Spells: 3/3 levels left

rFire   . . .        Y - +0 shortbow
rCold   . . .        (shield currently unavailable)
rNeg    + . .        c - +0 leather armour
rPois   inf          (no helmet)
rElec   +            f - +0 cloak
rCorr   .            (no gloves)
SInv    .            (no boots)
Will    .....        (no amulet)
Stlth   ++           (no ring)
HPRegen 0.24/turn    (no ring)
MPRegen 0.09/turn

%: no passive effects
@: slowed, very slow
A: sickness immunity, AC +3, negative energy resistance 1, electricity
resistance, torment resistance 1, petrification resistance
a: no special abilities


You were on level 2 of the Dungeon.
You visited 1 branch of the dungeon, and saw 2 of its levels.

You collected 128 gold pieces.


Innate Abilities, Weirdness & Mutations

You are immune to sickness and miasma.
Your stone body is resilient. (AC +3)
You are immune to poison.
You resist negative energy. (rN+)
You are resistant to electric shocks. (rElec)
You are resistant to unholy torment.
You are immune to petrification.


   Skills:
 - Level 3.0 Fighting
 + Level 5.5 Ranged Weapons
 - Level 1.5 Dodging
 - Level 1.1 Stealth


You had 3 spell levels left.
You didn't know any spells.
Your spell library was empty.

Inventory:

Hand Weapons
 Y - a +0 shortbow (weapon)
Armour
 c - a +0 leather armour (worn)
 f - a +0 cloak (worn)
 i - a +0 pair of boots
Scrolls
 b - a scroll of identify
 e - a scroll of blinking {unknown}
 g - a scroll of teleportation {unknown}
Potions
 a - a potion of berserk rage {unknown}
 d - a potion of attraction {unknown}
 h - a potion of heal wounds {unknown}

Dungeon Overview and Level Annotations

Branches:
Dungeon (2/15)

Altars:
Sif Muna


Message History

Natasha stares at you and mumbles some strange words.
The magic dart hits you.
You shoot an arrow. The arrow closely misses Natasha.
Natasha claws you but does no damage. x2
You shoot an arrow. The arrow hits Natasha!
You kill Natasha!
Natasha yowls pathetically as she dies!
The bat barely misses you. The endoplasm freezes you.
You are frozen.
You shoot an arrow. The arrow hits the endoplasm.
The endoplasm is severely wounded.
The endoplasm freezes you.
You are frozen.
A gnoll comes into view. It is wielding a +0 flail.
The endoplasm freezes you.
You are frozen.
You shoot an arrow. The arrow barely misses the endoplasm.
The endoplasm freezes you.
You are frozen.
You shoot an arrow. The arrow hits the endoplasm.
You kill the endoplasm!
The bat closely misses you.
You shoot an arrow. The arrow hits the gnoll!
The gnoll is heavily wounded.
The bat hits you but does no damage. x2
You shoot an arrow. The arrow hits the bat!
You kill the bat!
You shoot an arrow. The arrow closely misses the gnoll.
The gnoll barely misses you. The gnoll hits you with a +0 flail.
You shoot an arrow. The arrow hits the gnoll.
The gnoll is almost dead.
The gnoll barely misses you.
A gnoll comes into view. It is wielding a +0 halberd.
The gnoll closely misses you.
You shoot an arrow.
The arrow hits the gnoll but does no damage.
The gnoll is almost dead.
The gnoll hits you with a +0 flail!
You die...

#.#. #.## #.#...
#...##..#
.#.#..g #...##.#
....... #>....#
#..... #......
..... #......
... #.....)
#g### #......
#.@.#
#.###......
###.##
#.......... #..#
#####..).#.
##.## #.#...%
#..##### #.#....
##.....###.#....
#........^.....
#..........##..
#.....###......


You could see 2 gnolls.

Vanquished Creatures
  Natasha (D:2)
  A gnoll (D:1)
  A worm (D:2)
  A dart slug (D:1)
  5 ball pythons
  4 bats
  7 endoplasms
  A giant cockroach (D:1)
  5 goblins
  5 hobgoblins
  3 jackals (D:2)
  A quokka (D:1)
  4 kobolds (D:1)
  A rat (D:1)
40 creatures vanquished.

Notes
Turn   | Place    | Note
-------+----------+-------------------------------------------
     0 | D:1      | qw the Gargoyle Hunter began the quest for the Orb.
     0 | D:1      | Reached XP level 1. HP: 12/12 MP: 1/1
     0 | D:1      | 0 ||| qw: Version: 0.2-a-29-g67ad517
     0 | D:1      | 0 ||| qw: Game counter: 3936
     0 | D:1      | 0 ||| qw: Always use a shield: true
     0 | D:1      | 0 ||| qw: God list: Okawaru
     0 | D:1      | 0 ||| qw: Allow faded altars: false
     0 | D:1      | 0 ||| qw: Do Orc after D:15 true
     0 | D:1      | 0 ||| qw: Do second Lair branch before Depths: true
     0 | D:1      | 0 ||| qw: Lair rune preference: random
     0 | D:1      | 0 ||| qw: Plans: Normal, Zot:1-4, Slime:5, God:TSO, Crypt,
                  | Tomb, Abyss, Pan, Hells, Win
     0 | D:1      | 0 ||| PLANNING D:1-11
     1 | D:1      | Noticed an electric eel
    38 | D:1      | Found a shimmering blue altar of Sif Muna.
    46 | D:1      | Reached XP level 2. HP: 17/17 MP: 2/2
   356 | D:1      | Reached XP level 3. HP: 20/21 MP: 3/3
   435 | D:1      | Reached skill level 5 in Ranged Weapons
   629 | D:1      | 629 ||| UPGRADING to +0 cloak.
   634 | D:1      | 634 ||| READING scroll labelled PEZ GYR SULASU.
   635 | D:1      | 635 ||| READING scroll labelled WEUCHY JOQINN.
   636 | D:1      | 636 ||| DROPPING scroll of butterflies.
   692 | D:2      | Reached skill level 3 in Fighting
   800 | D:2      | Reached XP level 4. HP: 27/28 MP: 4/4
   869 | D:2      | Noticed Natasha
   878 | D:2      | Killed Natasha
   884 | D:2      | HP: 5/28 [gnoll/+0 flail (6)]
   886 | D:2      | Slain by a gnoll

Levels and vault maps discovered:
D:1:      arrival_aquarium_a, layout_loops_cross, minmay_misc_feat_cross,
          minmay_hexomino_r4
D:2:      layout_rooms, uniq_natasha

Skill      XL: |  1  2  3 |
---------------+----------+-----
Ranged Weapons | 5 |  5.5
Fighting       | 3 |  3.0
Dodging        | |  1.5
Stealth        | |  1.1

Action                     |  1- 3 |  4- 6 || total
---------------------------+-------+-------++-------
   Fire: Shortbow          |    84 |    19 ||   103
    Use: Scroll            |     2 |       ||     2
 Armour: Leather armour    |     2 |     6 ||     8
  Dodge: Dodged            |     6 |     7 ||    13

Table legend:
 A = Non-vault XP
 B = Vault XP
 C = Vault XP percentage of total XP
 D = Non-vault monster count
 E = Vault monster count
 F = Vault count percentage of total count
                 A         B        C        D         E       F
            +---------+---------+-------+---------+---------+-------
      Total |      86 |      40 |  31.7 |      36 |       4 |  10.0
            +---------+---------+-------+---------+---------+-------
        D:1 |      57 |       5 |   8.1 |      22 |       3 |  12.0
        D:2 |      29 |      35 |  54.7 |      14 |       1 |   6.7
            +---------+---------+-------+---------+---------+-------
